 Dungeon Crawl Stone Soup version 0.25-a0-365-g7600c65aa0 (webtiles) character file.

Game seed: 316059853851665429, levelgen mode: deterministic

2126 tilp the Slinger (level 9, -19/59 HPs)
             Began as a Halfling Hunter on Jan 5, 2020.
             Hit by a large rock thrown by a cyclops (30 damage)
             ... on level 7 of the Dungeon.
             The game lasted 00:17:29 (6288 turns).

tilp the Slinger (Halfling Hunter)                  Turns: 6288, Time: 00:17:29

Health: -19/59     AC: 23    Str: 15    XL:     9   Next: 54%
Magic:  12/12      EV:  9    Int:  8    God:
Gold:   266        SH:  0    Dex: 16    Spells: 8/8 levels left

rFire    . . .     SeeInvis .   b - +2 mace (protect)
rCold    + . .     Gourm    .   (shield restricted)
rNeg     + . .     Faith    .   r - +1 plate armour {rC+}
rPois    +         Spirit   .   (no helmet)
rElec    .         Reflect  .   g - +2 ratskin cloak {+Rats rPois rN+ Str-1 Int-1 Dex+1}
rCorr    .         Harm     .   l - +0 pair of gloves
MR       .....                  j - +0 pair of boots
Stlth    ..........             D - amulet of regeneration
HPRegen  0.59/turn              (no ring)
MPRegen  0.13/turn              (no ring)

@: protection aura
A: small, mutation resistance 1
a: Evoke Ratskin


You were on level 7 of the Dungeon.
You were very hungry.

You visited 2 branches of the dungeon, and saw 8 of its levels.

You collected 266 gold pieces.

Inventory:

Hand Weapons
 a - a +1 hunting sling
 b - a +2 mace of protection (weapon)
 m - a +0 short sword
 z - a +0 hunting sling of freezing
Missiles
 h - 237 stones (quivered)
 p - 14 boomerangs
 A - 39 sling bullets
 B - 17 poisoned darts
Armour
 g - the +2 ratskin cloak (worn) {+Rats rPois rN+ Str-1 Int-1 Dex+1}
   (You found it on level 5 of the Dungeon)

   It affects your strength (-1).
   It affects your intelligence (-1).
   It affects your dexterity (+1).
   It protects you from poison.
   It protects you from negative energy.
 j - a +0 pair of boots (worn)
 l - a +0 pair of gloves (worn)
 r - a +1 plate armour of cold resistance (worn)
Jewellery
 d - a cursed -3 ring of evasion {unknown}
 u - a +4 ring of strength
 D - an amulet of regeneration (around neck)
Wands
 s - a wand of flame (24)
 x - a wand of paralysis (4)
 y - a wand of acid (7)
Scrolls
 e - 4 scrolls of teleportation
 i - a scroll of identify
 o - a scroll of remove curse {unknown}
 t - 2 scrolls of fog
 v - a scroll of fear {unknown}
 C - a scroll of immolation {unknown}
 E - a scroll of enchant armour {unknown}
 F - a scroll of amnesia {unknown}
Potions
 c - a potion of agility
 k - a potion of flight
 n - a potion of might
 q - a potion of curing
 w - a potion of degeneration {unknown}
Comestibles
 f - 7 rations


   Skills:
 * Level 4.5 Fighting
 - Level 12.2 Slings
 + Level 1.1 Armour
 + Level 6.2 Dodging
 - Level 4.0 Stealth
 - Level 4.1 Evocations


You had 8 spell levels left.
You didn't know any spells.
Your spell library was empty.

Dungeon Overview and Level Annotations

Branches:
Dungeon (7/15)             Temple (1/1) D:6

Altars:
Ashenzari
Cheibriados
Dithmenos
Elyvilon
Fedhas
Gozag
Hepliaklqana
Kikubaaqudgha
Makhleb
Nemelex Xobeh
Okawaru
Ru
Sif Muna
Vehumet
Wu Jian
Yredelemnul
Zin
The Shining One


Innate Abilities, Weirdness & Mutations

You are small and have problems with some larger weapons.
You are somewhat resistant to further mutation.


Message History

The helpless hippogriff fails to defend itself.
You hit the hippogriff.
You kill the hippogriff!
Your Armour skill increases to level 1!
The cyclops throws a large rock.
The large rock hits you!!
Ouch! That really hurt!
* * * LOW HITPOINT WARNING * * *
Evoke which item? (* to show all) (? for menu, Esc to quit)
Aiming: Paralyse
Press: ? - help, Shift-Dir - straight line, f/p - cyclops
Aim: a cyclops, quivering 3 large rocks (lightly wounded, chance to defeat MR: 40%)
The cyclops resists with some effort.
Evoke which item? (* to show all) (? for menu, Esc to quit)
Aiming: Paralyse
Press: ? - help, Shift-Dir - straight line, f/p - cyclops
Aim: a cyclops, quivering 3 large rocks (lightly wounded, chance to defeat MR: 40%)
The cyclops resists with some effort.
The cyclops throws a large rock.
The large rock hits you!!
Ouch! That really hurt!
You die...

.. . #..........# .#.#
#.##.#...#.# S#.#
#.##.##.##.#
....##.##.##.##.####.
##.# #.................
###(# #..######.#.#####
#.C.# #....####.#.#
#?#.## ##...........####.
#.##.###@###.####.......#
. ##.C†## #.# #.######.
#C ##.## #.# #.# # #.#
#.# #.# #.# #.# #.# #.#
... #.# #.# ... #.# ...
... ...


You could see a cyclops.

Vanquished Creatures
  A hippogriff (D:7)
  Sigmund (D:2)
  2 ice beasts
  An orc warrior (D:6)
  3 sky beasts
  A phantom (D:5)
  2 ogres
  A centaur (D:6)
  A scorpion (D:7)
  A crimson imp (D:6)
  A quasit (D:5)
  3 bullfrog skeletons
  4 hounds
  2 orc priests (D:6)
  2 orc wizards
  A centaur skeleton (D:6)
  Jessica (D:3)
  A worker ant (D:5)
  A hell rat (D:5)
  A howler monkey zombie (D:5)
  13 adders
  6 river rats (D:5)
  3 shadow imps
  2 oozes (D:4)
  An adder zombie (D:5)
  A worm (D:2)
  A dart slug (D:1)
  2 leopard geckos
  24 orcs
  9 bats
  7 giant cockroaches
  11 hobgoblins
  16 jackals
  3 quokkas
  A ball python (D:3)
  7 frilled lizards
  15 goblins
  7 kobolds
  23 rats
183 creatures vanquished.

Notes
Turn   | Place    | Note
-------+----------+-------------------------------------------
     0 | D:1      | tilp the Halfling Hunter began the quest for the Orb.
     0 | D:1      | Reached XP level 1. HP: 14/14 MP: 1/1
    14 | D:1      | Reached skill level 6 in Slings
   216 | D:1      | Reached XP level 2. HP: 17/19 MP: 2/2
   442 | D:1      | Reached skill level 7 in Slings
   442 | D:1      | Reached XP level 3. HP: 18/24 MP: 3/3
  1314 | D:2      | Found a shadowy altar of Dithmenos.
  1340 | D:2      | Found a shattered altar of Ashenzari.
  1391 | D:2      | Found a faded altar of an unknown god.
  1409 | D:2      | Reached XP level 4. HP: 29/29 MP: 4/4
  1484 | D:2      | Noticed Sigmund
  1509 | D:2      | Killed Sigmund
  1509 | D:2      | Reached skill level 9 in Slings
  1509 | D:2      | Reached XP level 5. HP: 34/34 MP: 5/5
  1509 | D:2      | Reached XP level 6. HP: 39/39 MP: 6/6
  1726 | D:2      | Reached skill level 10 in Slings
  1969 | D:2      | Found a sacrificial altar of Ru.
  2538 | D:3      | Noticed Jessica
  2547 | D:3      | Killed Jessica
  2885 | D:4      | Found a radiant altar of Vehumet.
  3030 | D:4      | Reached skill level 11 in Slings
  3030 | D:4      | Reached XP level 7. HP: 40/44 MP: 7/7
  3746 | D:5      | Entered Level 5 of the Dungeon
  3773 | D:5      | Reached skill level 12 in Slings
  3859 | D:5      | Reached XP level 8. HP: 50/50 MP: 8/8
  3945 | D:5      | Found an opulent altar of Gozag.
  4763 | D:5      | Found the +2 ratskin cloak {+Rats rPois rN+ Str-1 Int-1
                  | Dex+1}
  5167 | D:6      | Found a sacrificial altar of Ru.
  5334 | D:6      | Reached skill level 5 in Dodging
  5334 | D:6      | Reached XP level 9. HP: 20/58 MP: 9/9
  5629 | D:6      | Found an iron altar of Okawaru.
  5732 | D:6      | Reached skill level 1 in Evocations
  5878 | D:6      | Found a staircase to the Ecumenical Temple.
  5995 | Temple   | Entered the Ecumenical Temple
  6258 | D:7      | Noticed a cyclops
  6266 | D:7      | Noticed a hippogriff
  6286 | D:7      | Killed a hippogriff
  6286 | D:7      | Reached skill level 1 in Armour
  6288 | D:7      | Hit by a large rock thrown by a cyclops

Levels and vault maps discovered:
D:1:      minmay_arrival_radiant_lines, layout_loops_ring
D:2:      layout_loops_cross, overflow_temple_1_default, marbit_many_paths,
          lemuel_round_altar, chequers_ecumenical_altar_simple_redux,
          grunt_decor_one_mirror, guppyfry_early_orc_mine, uniq_sigmund
D:3:      layout_loops_ring, first_ration, minmay_distorted, uniq_jessica
D:4:      layout_loops_ring, vehumet_altar_wand_db
D:5:      wander_guarded_unrand_ratskin, layout_basic,
          nicolae_gozag_cash_rules_everything_around_me
D:6:      layout_cave_pools, nicolae_overflow_hidden_temple, temple_doors_cd,
          nicolae_ru_sacrificial_ziggurat
D:7:      layout_loops_ring, overflow_temple_1_default
Temple:   dshaligram_water_room_temple

Skill      XL: |  1  2  3  4  5  6  7  8  9 |
---------------+----------------------------+-----
Slings         | 6 7 9 11 12 | 12.2
Fighting       | 2 4 |  4.5
Stealth        | 2 4 |  4.0
Dodging        | 5 6 |  6.2
Evocations     | 4 |  4.1
Armour         | 1 |  1.1

Action                   |  1- 3 |  4- 6 |  7- 9 || total
-------------------------+-------+-------+-------++-------
Melee: Short sword       |    26 |       |       ||    26
       Mace              |    60 |    72 |   284 ||   416
       Hunting sling     |       |     2 |       ||     2
 Fire: Hunting sling     |    49 |    93 |   220 ||   362
Throw: Stone             |       |     5 |       ||     5
Evoke: Wand              |       |       |     8 ||     8
  Use: Scroll            |     2 |     2 |     4 ||     8
       Potion            |       |     3 |       ||     3
 Stab: Paralysed         |       |       |     3 ||     3
  Eat: Chunk             |     2 |     5 |     9 ||    16
Armor: Leather armour    |    13 |       |       ||    13
       Ring mail         |    15 |    35 |       ||    50
       Skin              |       |     9 |       ||     9
       Plate armour      |       |     3 |   306 ||   309
Dodge: Dodged            |    82 |    89 |   134 ||   305

Table legend:
 A = Non-vault XP
 B = Vault XP
 C = Vault XP percentage of total XP
 D = Non-vault monster count
 E = Vault monster count
 F = Vault count percentage of total count
                 A         B        C        D         E       F
            +---------+---------+-------+---------+---------+-------
      Total |    2629 |     409 |  13.5 |     148 |      35 |  19.1
            +---------+---------+-------+---------+---------+-------
        D:1 |      41 |       0 |   0.0 |      26 |       0 |   0.0
        D:2 |      70 |     230 |  76.7 |      29 |       9 |  23.7
        D:3 |      35 |      53 |  60.2 |      19 |       4 |  17.4
        D:4 |     307 |       2 |   0.6 |      27 |       1 |   3.6
        D:5 |     778 |     124 |  13.7 |      21 |      21 |  50.0
        D:6 |     753 |       0 |   0.0 |      19 |       0 |   0.0
        D:7 |     645 |       0 |   0.0 |       7 |       0 |   0.0
            +---------+---------+-------+---------+---------+-------
